 Dungeon Crawl Stone Soup version 0.29.0-4-gdea44cf6ec (webtiles) character file.

Game seed: 14204080115108822809

166 qw the Chopper (level 5, -3/30 HPs)
             Began as a Tengu Warper on Aug 28, 2022.
             Killed by nerve-wracking pain
             ... invoked by Jessica
              (14 damage)
             ... on level 3 of the Dungeon.
             The game lasted 00:00:17 (3749 turns).

qw the Chopper (Tengu Warper)                       Turns: 3749, Time: 00:00:18

Health: -3/30      AC:  5    Str: 14    XL:     5   Next: 47%
Magic:  9/9        EV: 13    Int: 13    God:
Gold:   34         SH:  0    Dex: 13    Spells: 8/8 levels left

rFire   . . .      SeeInvis .   Y - +2 hand axe
rCold   . . .      Faith    .   (no shield)
rNeg    . . .      Spirit   .   f - +0 ring mail
rPois   .          Reflect  .   (helmet restricted)
rElec   .          Harm     .   (no cloak)
rCorr   .          Rampage  .   (no gloves)
Will    .....                   (boots unavailable)
Stlth   +.........              (no amulet)
HPRegen 0.10/turn               (no ring)
MPRegen 0.11/turn               (no ring)

@: flying quickly and evasively, quick
A: beak, talons 3, nimble flight
a: no special abilities


You were on level 3 of the Dungeon.
You visited 1 branch of the dungeon, and saw 3 of its levels.

You collected 138 gold pieces.
You spent 104 gold pieces at shops.


Innate Abilities, Weirdness & Mutations

You have a beak for a mouth.
You have claws for feet.
Your magical nature lets you fly swiftly and evasively.


   Skills:
 - Level 2.0 Fighting
 + Level 6.1 Axes
 - Level 1.0 Throwing
 - Level 1.1 Armour
 - Level 2.1 Dodging
 - Level 2.0 Spellcasting
 - Level 2.4 Translocations


You had 8 spell levels left.
You didn't know any spells.
Your spell library contained the following spells:

 Spells                   Type           Power      Damage    Failure   Level
 Blink                    Tloc           14%        N/A       30%         2
 Gell's Gravitas          Tloc           7%         N/A       52%         3
 Lesser Beckoning         Tloc           7%         N/A       52%         3
 Teleport Other           Tloc           7%         N/A       52%         3
 Manifold Assault         Tloc           7%         N/A       99%         5

Inventory:

Hand Weapons
 b - a +0 flail
 Y - a +2 hand axe (weapon)
Armour
 f - a +0 ring mail (worn)
Scrolls
 a - a scroll of identify
 d - a scroll of fear {unknown}
 j - 2 scrolls of teleportation
 l - a scroll of enchant armour
Potions
 c - a potion of haste {unknown}
 e - a potion of curing {unknown}
 g - a potion of cancellation {unknown}
 h - a potion of heal wounds

Dungeon Overview and Level Annotations

Branches:
Dungeon (3/15)

Altars:

Shops:
D:1 *   D:2 ?

Annotations:
D:3 Jessica


Message History

The jackal bites you but does no damage.
You closely miss the jackal.
The jackal is lightly wounded.
The jackal barely misses you.
You slash the jackal!
You kill the jackal!
You closely miss the jackal. Your kick misses the jackal.
The jackal is severely wounded.
You hear a bark!
Jessica gestures wildly while chanting.
Jessica seems to speed up.
A jackal comes into view.
The jackal misses you.
You hear a bark!
You hit the jackal.
You kill the jackal!
You hit the jackal.
The jackal bites you but does no damage. x2
You hit the jackal.
You kill the jackal!
Jessica mumbles something strange.
You hit Jessica but do no damage. You claw Jessica. Your peck misses Jessica.
Jessica is lightly wounded.
Jessica casts a spell at you. Pain shoots through your body!
A jackal comes into view.
Jessica mumbles something strange.
Jessica closely misses you.
You closely miss Jessica. Your kick misses Jessica.
Jessica is lightly wounded.
Jessica hits you with a +0 dagger of protection.
You hit Jessica but do no damage. Your kick misses Jessica.
Jessica is lightly wounded.
Jessica hits you with a +0 dagger of protection.
Jessica closely misses you.
You barely miss Jessica. You claw Jessica.
Jessica is moderately wounded.
Jessica points at you and mumbles some strange words.
Pain shoots through your body!
You die...

...#########......)).............
.#...........#######.############
.###################...###### #
............................# #
##########...#########.####.# #
#####...##[######.####+## #
#........................# #
#.####...##..............# ##
#...##%@............###.
######@###########.##... ..h.
#.#..#. #.....h #...##. .........
#>####. .##.......@ ### #.
####.##### #. #.# #. #.


You could see Jessica (fast) and a jackal.

Vanquished Creatures
  An orc wizard (D:3)
  8 adders
  A dart slug (D:1)
  2 orcs (D:3)
  11 ball pythons
  A bat (D:3)
  5 endoplasms
  A giant cockroach (D:3)
  4 goblins
  8 hobgoblins
  3 jackals (D:3)
  8 kobolds
  3 quokkas
  2 frilled lizards (D:1)
  7 rats
65 creatures vanquished.

Notes
Turn   | Place    | Note
-------+----------+-------------------------------------------
     0 | D:1      | qw the Tengu Warper began the quest for the Orb.
     0 | D:1      | Reached XP level 1. HP: 12/12 MP: 4/4
     0 | D:1      | 0 ||| qw: Version: 0.1-a-89-g26bdef1
     0 | D:1      | 0 ||| qw: Game counter: 244
     0 | D:1      | 0 ||| qw: Always use a shield: true
     0 | D:1      | 0 ||| qw: God list: Okawaru
     0 | D:1      | 0 ||| qw: Allow faded altars: false
     0 | D:1      | 0 ||| qw: Do Orc after D:15 true
     0 | D:1      | 0 ||| qw: Do second Lair branch before Depths: true
     0 | D:1      | 0 ||| qw: Lair rune preference: random
     0 | D:1      | 0 ||| qw: Plans: Normal
     0 | D:1      | 0 ||| PLANNING D:1-11
   124 | D:1      | 124 ||| Stepping ~*~*~tactically~*~*~ (hiding).
   230 | D:1      | 230 ||| Stepping ~*~*~tactically~*~*~ (hiding).
   332 | D:1      | 332 ||| Stepping ~*~*~tactically~*~*~ (hiding).
   440 | D:1      | Reached skill level 3 in Axes
   440 | D:1      | Reached XP level 2. HP: 10/17 MP: 6/6
   732 | D:1      | 732 ||| Stepping ~*~*~tactically~*~*~ (stealth).
   733 | D:1      | 733 ||| Stepping ~*~*~tactically~*~*~ (stealth).
   735 | D:1      | 735 ||| Stepping ~*~*~tactically~*~*~ (stealth).
   740 | D:1      | 740 ||| Stepping ~*~*~tactically~*~*~ (stealth).
   747 | D:1      | 747 ||| DROPPING +0 club.
   749 | D:1      | Found Efotudd's Assorted Antiques.
   767 | D:1      | 767 ||| SHOPLISTING 2 scrolls labelled DIQUSU MOMAE (62
                  | gold, have 8).
   767 | D:1      | 767 ||| SHOPLISTING amulet of the Four Winds {rN+ Will+++
                  | Clar} (1881 gold, have 8).
   767 | D:1      | 767 ||| SHOPLISTING scroll labelled CEOP TYSTRUKY (31 gold,
                  | have 8).
   767 | D:1      | 767 ||| SHOPLISTING scroll labelled DIQUSU MOMAE (31 gold,
                  | have 8).
   840 | D:1      | 840 ||| Stepping ~*~*~tactically~*~*~ (stealth).
   843 | D:1      | 843 ||| Stepping ~*~*~tactically~*~*~ (stealth).
   845 | D:1      | 845 ||| Stepping ~*~*~tactically~*~*~ (stealth).
   847 | D:1      | 847 ||| Stepping ~*~*~tactically~*~*~ (stealth).
   849 | D:1      | 849 ||| Stepping ~*~*~tactically~*~*~ (stealth).
   940 | D:1      | Reached XP level 3. HP: 19/21 MP: 7/7
   993 | D:1      | Found a faded altar of an unknown god.
  1369 | D:1      | 1369 ||| READING scroll labelled RUBEBLA XONUK.
  1370 | D:1      | 1370 ||| READING scroll labelled XEOTHR EGRA MIO.
  1371 | D:1      | 1371 ||| READING scroll labelled ILUZUS BITUEW.
  1375 | D:1      | 1375 ||| READING scroll labelled JUCWAHOLIDD.
  1376 | D:1      | 1376 ||| READING scroll labelled DIQUSU MOMAE.
  1377 | D:1      | 1377 ||| DRINKING 2 inky potions.
  1378 | D:1      | 1378 ||| DROPPING scroll of blinking.
  1391 | D:2      | Identified the +3 dagger "Tuuna Jaa" {pain, rPois rC+ rN+
                  | Int+2}
  1445 | D:2      | Reached skill level 4 in Axes
  1607 | D:2      | Reached XP level 4. HP: 26/26 MP: 8/8
  1851 | D:2      | Reached skill level 5 in Axes
  1860 | D:2      | 1860 ||| READING scroll of enchant weapon.
  1860 | D:2      | 1860 ||| ENCHANTING +1 hand axe.
  2162 | D:2      | 2162 ||| Stepping ~*~*~tactically~*~*~ (stealth).
  2428 | D:2      | 2428 ||| FLEEEEING.
  2429 | D:2      | 2429 ||| FLEEEEING.
  2528 | D:2      | 2528 ||| Stepping ~*~*~tactically~*~*~ (hiding).
  2837 | D:2      | Found Azud's Magic Scroll Shop.
  2855 | D:2      | 2855 ||| BUYING scroll of enchant armour (82 gold).
  2855 | D:2      | Bought a scroll of enchant armour for 82 gold pieces
  2855 | D:2      | 2855 ||| BUYING scroll of identify (22 gold).
  2855 | D:2      | Bought a scroll of identify for 22 gold pieces
  2855 | D:2      | 2855 ||| SHOPLISTING scroll of identify (22 gold, have 15).
  2945 | D:2      | 2945 ||| UPGRADING to +0 ring mail.
  2955 | D:2      | 2955 ||| DROPPING +0 leather armour.
  2956 | D:2      | 2956 ||| READING scroll labelled YLUT ISIUDGHOLI.
  2957 | D:2      | 2957 ||| READING scroll labelled COAJOU EDUFE.
  2958 | D:2      | 2958 ||| DRINKING 2 sapphire potions.
  2959 | D:2      | 2959 ||| READING 2 scrolls of identify.
  2959 | D:2      | 2959 ||| IDENTIFYING murky orange potion
  2960 | D:2      | 2960 ||| DROPPING potion of degeneration.
  2961 | D:2      | 2961 ||| DROPPING potion of flight.
  3006 | D:3      | 3006 ||| STAIRDANCE
  3009 | D:2      | Gained mutation: Your magical nature lets you fly swiftly
                  | and evasively. [Tengu growth]
  3009 | D:2      | Reached XP level 5. HP: 30/30 MP: 9/9
  3018 | D:3      | 3018 ||| STAIRDANCE
  3046 | D:2      | Identified the +7 dagger of Crawling {protect, *Slow rElec
                  | rCorr Int-4}
  3260 | D:3      | HP: 6/30 [something (2)]
  3262 | D:3      | Reached skill level 6 in Axes
  3496 | D:3      | 3496 ||| DROPPING +0 whip.
  3737 | D:3      | Noticed Jessica
  3738 | D:3      | 3738 ||| Stepping ~*~*~tactically~*~*~ (hiding).
  3749 | D:3      | Killed from afar by Jessica

Levels and vault maps discovered:
D:1:      co_arrival_random_square_maze, layout_basic,
          shapermc_ecumenical_altar_rom_forum, serial_shops, shop
D:2:      layout_basic, serial_shops, nicolae_shop_hallway_stairs,
          amethyst_killhole, hex_tiny, minmay_snake_closets
D:3:      layout_basic, uniq_jessica

Skill      XL: |  1  2  3  4  5 |
---------------+----------------+-----
Axes           | 3 4 5 6 |  6.1
Fighting       | |  2.0
Throwing       | |  1.0
Armour         | |  1.1
Dodging        | |  2.1
Spellcasting   | |  2.0
Translocations | |  2.4

Action                   |  1- 3 |  4- 6 || total
-------------------------+-------+-------++-------
Melee: Hand axe          |    68 |    91 ||   159
       Kick              |    17 |    19 ||    36
       Peck              |     8 |    11 ||    19
       Punch             |     1 |       ||     1
Throw: Boomerang         |     7 |       ||     7
       Javelin           |     2 |     8 ||    10
  Use: Scroll            |     5 |     4 ||     9
       Potion            |     1 |     1 ||     2
Armor: Leather armour    |     9 |     6 ||    15
       Ring mail         |       |    14 ||    14
Dodge: Dodged            |    35 |    44 ||    79

Table legend:
 A = Non-vault XP
 B = Vault XP
 C = Vault XP percentage of total XP
 D = Non-vault monster count
 E = Vault monster count
 F = Vault count percentage of total count
                 A         B        C        D         E       F
            +---------+---------+-------+---------+---------+-------
      Total |     159 |      79 |  33.2 |      53 |      12 |  18.5
            +---------+---------+-------+---------+---------+-------
        D:1 |      42 |       0 |   0.0 |      25 |       0 |   0.0
        D:2 |      47 |      79 |  62.7 |      15 |      12 |  44.4
        D:3 |      70 |       0 |   0.0 |      13 |       0 |   0.0
            +---------+---------+-------+---------+---------+-------
